 Dungeon Crawl Stone Soup version 0.17-a0-2215-g49c1de0 (webtiles) character file.

191 truemonolith the Slasher (level 5, -10/34 HPs)
             Began as a High Elf Skald on Oct 27, 2015.
             Engulfed by a steam dragon's steam (11 damage)
             ... on level 5 of the Dungeon.
             The game lasted 00:06:59 (3455 turns).

truemonolith the Slasher (High Elf Skald)           Turns: 3455, Time: 00:06:59

Health: -10/34     AC:  5    Str: 11    XL:     5   Next: 42%
Magic:  5/9        EV: 16    Int: 15    God:
Gold:   156        SH:  0    Dex: 21    Spells: 3 memorised, 3 levels left

rFire  . . .     SeeInvis .     a - +0 falchion
rCold  . . .     Clarity  .     b - +0 leather armour
rNeg   . . .     SustAt   .     (no shield)
rPois  .         Gourm    .     (no helmet)
rElec  .         Spirit   .     h - +0 cloak
rCorr  .         Warding  .     (no gloves)
rMut   .         Stasis   .     o - +0 pair of boots
MR     .....                    (no amulet)
Stlth  +++.......               (no ring)
                                (no ring)

@: agile, infused, singing, not resistant to hostile enchantments, fairly
stealthy
A: no striking features
a: Stop Singing


You were on level 5 of the Dungeon.
You were not hungry.

You visited 1 branch of the dungeon, and saw 5 of its levels.

You collected 156 gold pieces.

Inventory:

Hand Weapons
 a - a +0 falchion (weapon)
Armour
 b - a +0 leather armour (worn)
 h - a +0 cloak (worn)
 o - a +0 pair of boots (worn)
Wands
 p - a wand of random effects (27)
Scrolls
 f - 2 scrolls of remove curse
 m - a scroll of fear {unknown}
Potions
 i - a potion of might {unknown}
 j - 2 potions of curing {unknown}
 k - a potion of cancellation {unknown}
 l - a potion of cure mutation {unknown}
Books
 c - a book of Battle

   Spells                             Type                      Level
   a - Infusion                       Charms                       1
   b - Shroud of Golubria             Charms/Translocation         2
   c - Song of Slaying                Charms                       2
   d - Spectral Weapon                Hexes/Charms                 3
   e - Regeneration                   Charms/Necromancy            3
Comestibles
 d - a bread ration
 n - a beef jerky


   Skills:
 - Level 2.0 Fighting
 + Level 6.9 Long Blades
 - Level 0.8 Armour
 - Level 1.1 Dodging
 - Level 2.4 Spellcasting
 - Level 3.6 Charms


You had 3 spell levels left.
You knew the following spells:

 Your Spells              Type           Power        Failure   Level  Hunger
a - Infusion              Chrm           ##....       10%         1    #......
b - Song of Slaying       Chrm           ##......     12%         2    ###....
c - Shroud of Golubria    Chrm/Tloc      #.........   24%         2    ###....


Dungeon Overview and Level Annotations

Branches:
Dungeon (5/15)
 Temple: D:4-7

Altars:

Annotations:
D:3 mrath's ghost, amateur MfIE


Message History

Unknown command.
Casting: Infusion
Confirm with . or Enter, or press ? or * to list all spells.
You start singing a song of slaying.
You hear a shout!
The steam dragon breathes steam at you. The ball of steam hits you!
Unknown command.
Drink which item? (? for menu, Esc to quit)
You feel agile all of a sudden.
You are engulfed in a cloud of scalding steam.
* * * LOW HITPOINT WARNING * * *
You feel sick.
You are no longer poisoned.
The steam dragon misses you. The steam dragon claws you.
* * * LOW HITPOINT WARNING * * *
Drink which item? (? for menu, Esc to quit)
It was a potion of lignification.
You feel woody for a moment.
You are engulfed in a cloud of scalding steam.
You die...

# #. # .# ##. ..
... .###.# ....
######D# #.....@#
#.###### #.# #.#
#(..# #.# #...# #.#
###...#####.#
.......[.##.#######
.#
..................#
#.#


You could see a steam dragon.

Vanquished Creatures
  A jelly (D:5)
  2 iguanas (D:5)
  A hound skeleton (D:5)
  A worker ant zombie (D:5)
  5 adders
  A giant gecko (D:1)
  An orc (D:5)
  A ball python (D:1)
  5 bats
  2 giant cockroaches
  4 goblins
  3 hobgoblins
  3 jackals (D:1)
  3 giant newts
  6 kobolds
  5 rats
44 creatures vanquished.

Notes
Turn   | Place    | Note
--------------------------------------------------------------
     0 | D:1      | truemonolith the High Elf Skald began the quest for the Orb.
     0 | D:1      | Reached XP level 1. HP: 14/14 MP: 4/4
   289 | D:1      | Reached XP level 2. HP: 19/19 MP: 1/6
   554 | D:1      | Learned a level 2 spell: Song of Slaying
   557 | D:1      | Learned a level 2 spell: Shroud of Golubria
   598 | D:2      | Reached skill level 4 in Long Blades
  1036 | D:2      | Reached XP level 3. HP: 16/24 MP: 3/7
  2007 | D:3      | Reached skill level 5 in Long Blades
  2013 | D:3      | Reached XP level 4. HP: 21/29 MP: 5/8
  2018 | D:3      | Noticed mrath's ghost (amateur MfIE)
  2173 | D:3      | You fall through a shaft for 2 floors!
  2173 | D:5      | Entered Level 5 of the Dungeon
  2499 | D:5      | Reached skill level 6 in Long Blades
  2587 | D:5      | Reached XP level 5. HP: 23/34 MP: 3/9
  3451 | D:5      | Noticed a steam dragon
  3454 | D:5      | HP: 1/34 [steam dragon (5)]
  3455 | D:5      | Engulfed by a steam dragon's steam

Vault maps used:
D:1:      co_arrival_random_square_maze, minmay_misc_feat_enclosed,
          minmay_misc_feat_doors
D:4:      minitemple, marbit_many_paths, serial_shops,
          nicolae_shop_temple_entry_statues_fountains,
          nicolae_ru_great_annihilating_truth
D:5:      first_bread

Action                   |  1- 3 |  4- 6 || total
-------------------------+-------+-------++-------
Melee: Falchion          |   107 |    63 ||   170
 Cast: Infusion          |    19 |     9 ||    28
       Song of Slaying   |     3 |     2 ||     5
  Use: Scroll            |     3 |       ||     3
       Potion            |       |     3 ||     3
  Eat: Bread ration      |     1 |     1 ||     2
